 Dungeon Sprint DCSS version 0.17.0-15-g6d90897 (webtiles) character file.

417 hexophile the Cleaver (level 6, 0/56 HPs)
             Began as a Ghoul Monk on Nov 10, 2015.
             Was a High Priest of Cheibriados.
             Slain by a snapping turtle (24 damage)
             ... in the Dungeon (Sprint VII: "The Pits").
             The game lasted 00:03:23 (636 turns).

hexophile the Cleaver (Ghoul Monk)                   Turns: 636, Time: 00:03:23

Health: 0/56       AC: 11    Str: 28    XL:     6   Next: 92%
Magic:  7/11       EV: 10    Int: 16    God:    Cheibriados [*****.]
Gold:   0          SH:  0    Dex: 22    Spells: 0 memorised, 5 levels left

rFire  . . .     SeeInvis .     n - +2 hand axe
rCold  + . .     Clarity  .     h - +3 chain mail
rNeg   + + +     SustAt   .     (no shield)
rPois  ∞         Gourm    .     (no helmet)
rElec  .         Spirit   .     (no cloak)
rCorr  .         Warding  .     (no gloves)
rMut   .         NoTele   +     (no boots)
MR     .....                    (no amulet)
Stlth  ..........               (no ring)
                                (no ring)

@: very slightly contaminated, rotting, invisible, very slow, not resistant to
hostile enchantments, extremely unstealthy
A: rotting body, claws 1, carnivore 3, cold resistance 1, negative energy
resistance 3, slow regeneration 1, torment resistance, unbreathing
a: Bend Time, Temporal Distortion, Slouch, Step From Time, Renounce Religion


You were in the Dungeon.
You worshipped Cheibriados.
Cheibriados was extremely pleased with you.
You were not hungry.

You visited 1 branch


Innate Abilities, Weirdness & Mutations

Your body is rotting away.
You thrive on raw meat.
You are immune to poison.
You have sharp fingernails.
You are carnivorous and can eat meat at any time.
Your flesh is cold resistant.
You are immune to negative energy.
You regenerate slowly when monsters are visible.
You are immune to unholy pain and torment.
You can survive without breathing.

Inventory:

Hand Weapons
 n - a +2 hand axe (weapon)
Armour
 h - a +3 chain mail (worn)
Scrolls
 k - 3 scrolls of remove curse
 m - 2 scrolls of vulnerability
Potions
 c - a potion of heal wounds
 d - 5 potions of curing
 f - 3 potions of magic
 j - a potion of invisibility
Comestibles
 a - 2 chunks of flesh
 b - 8 meat rations
 i - 40 fruits
 r - 7 bread rations


You had 5 spell levels left.
You didn't know any spells.


   Skills:
 * Level 5.1 Fighting
 * Level 10.2 Axes
 - Level 2.6 Dodging
 - Level 2.1 Stealth
 - Level 4.3 Unarmed Combat
 * Level 0.0 Spellcasting
 - Level 8.7 Invocations

Dungeon Overview and Level Annotations

Branches:
Dungeon (1/1)

Altars:
Ashenzari
Cheibriados
Dithmenos
Elyvilon
Fedhas
Kikubaaqudgha
Makhleb
Nemelex Xobeh
Okawaru
Ru
Sif Muna
Trog
Vehumet
Xom
Yredelemnul
Zin
The Shining One
Beogh
Jiyva
Lugonu

Vault maps used:
D:        pitsprint
You       could see a snapping turtle.


Message History

You slash the snapping turtle!
The snapping turtle is heavily wounded.
The snapping turtle misses you.
You aren't carrying any items that can be evoked.
You hit the snapping turtle.
The snapping turtle is heavily wounded.
The snapping turtle is no longer moving slowly.
You catch the helpless snapping turtle completely off-guard!
You hit the snapping turtle but do no damage.
The snapping turtle is heavily wounded.
The snapping turtle barely misses you.
You hit the snapping turtle but do no damage.
The snapping turtle is heavily wounded.
The snapping turtle bites you!
You lost 11 HP.
You have now: 32/56 HP.
You barely miss the snapping turtle.
The snapping turtle is heavily wounded.
The snapping turtle misses you.
Unknown command.
You hit the snapping turtle but do no damage.
The snapping turtle is heavily wounded.
The snapping turtle bites you!
* * * LOW HITPOINT WARNING * * *
!MASSIVE DAMAGE!
YOU LOST 16 HP!
You have now: 16/56 HP.
Drink which item? (? for menu, Esc to quit)
You feel much better. The snapping turtle bites you!
Restored 11 HP.
You have now: 27/56 HP.
Drink which item? (? for menu, Esc to quit)
Okay, then.
The flow of time bends around you.
Cheibriados rebukes the snapping turtle.
The snapping turtle seems to slow down.
You feel slightly more hungry.
Unknown command.
Drink which item? (? for menu, Esc to quit)
Okay, then.
Read which item? (? for menu, Esc to quit)
Okay, then.
You aren't carrying any items that can be evoked.
Unknown command.
You hit the snapping turtle.
The snapping turtle is heavily wounded.
The snapping turtle bites you!!
* * * LOW HITPOINT WARNING * * *
!MASSIVE DAMAGE!
YOU LOST 25 HP!
You have now: 2/56 HP.
Unknown command.
Drink which item? (? for menu, Esc to quit)
You feel much better. The snapping turtle bites you!!
You die...

Action                   |  1- 3 |  4- 6 || total
-------------------------+-------+-------++-------
Melee: Unarmed           |    20 |     1 ||    21
       Hand axe          |       |    39 ||    39
Invok: Slouch            |       |     3 ||     3
       Bend Time         |       |     2 ||     2
  Use: Potion            |     2 |     6 ||     8
       Scroll            |     2 |       ||     2
 Stab: Sleeping          |     4 |       ||     4
       Invisible         |       |     2 ||     2

Notes
Turn   | Place    | Note
--------------------------------------------------------------
     0 | D        | hexophile the Ghoul Monk began the quest for the Orb.
     0 | D        | Reached XP level 1. HP: 19/19 MP: 0/0
    14 | D        | Reached skill level 5 in Fighting
    24 | D        | Found a sacrificial altar of Ru.
    24 | D        | Found a basalt altar of Yredelemnul.
    24 | D        | Found a shadowy altar of Dithmenos.
    24 | D        | Found a deep blue altar of Sif Muna.
    24 | D        | Found a burning altar of Makhleb.
    24 | D        | Found a shimmering altar of Xom.
    24 | D        | Found an ancient bone altar of Kikubaaqudgha.
    24 | D        | Found a sparkling altar of Nemelex Xobeh.
    26 | D        | Found a bloodstained altar of Trog.
    26 | D        | Found a corrupted altar of Lugonu.
    26 | D        | Found a viscous altar of Jiyva.
    36 | D        | Found a glowing golden altar of the Shining One.
    36 | D        | Found a glowing silver altar of Zin.
    43 | D        | Found a shattered altar of Ashenzari.
    43 | D        | Found a white marble altar of Elyvilon.
    43 | D        | Found a snail-covered altar of Cheibriados.
    43 | D        | Found a blossoming altar of Fedhas.
    43 | D        | Found a radiant altar of Vehumet.
    43 | D        | Found a roughly hewn altar of Beogh.
    43 | D        | Found an iron altar of Okawaru.
    49 | D        | Became a worshipper of Cheibriados the Contemplative
    49 | D        | Reached * piety under Cheibriados
    49 | D        | Reached ** piety under Cheibriados
    58 | D        | Paralysed by a giant eyeball for 3 turns
    64 | D        | Reached skill level 1 in Axes
    64 | D        | Reached skill level 1 in Invocations
    64 | D        | Reached XP level 2. HP: 29/29 MP: 1/1
    68 | D        | Reached skill level 2 in Axes
   133 | D        | Noticed a water moccasin
   137 | D        | Reached *** piety under Cheibriados
   150 | D        | Killed a water moccasin
   150 | D        | Reached skill level 5 in Axes
   150 | D        | Reached skill level 4 in Invocations
   150 | D        | Reached XP level 3. HP: 13/36 MP: 2/5
   150 | D        | Reached XP level 4. HP: 15/42 MP: 2/6
   154 | D        | Reached **** piety under Cheibriados
   355 | D        | Noticed Prince Ribbit
   434 | D        | Noticed a hound
   438 | D        | Killed a hound
   438 | D        | Reached ***** piety under Cheibriados
   438 | D        | Reached skill level 6 in Axes
   438 | D        | Reached skill level 5 in Invocations
   438 | D        | Reached XP level 5. HP: 42/48 MP: 6/8
   453 | D        | Killed Prince Ribbit
   453 | D        | Reached skill level 9 in Axes
   453 | D        | Reached skill level 7 in Invocations
   453 | D        | Reached XP level 6. HP: 49/56 MP: 2/10
   506 | D        | Noticed a necrophage
   520 | D        | Killed a necrophage
   520 | D        | Reached skill level 10 in Axes
   520 | D        | Reached skill level 8 in Invocations
   607 | D        | Noticed a snapping turtle
   612 | D        | HP: 1/56 [snapping turtle (3)]
   635 | D        | HP: 2/56 [snapping turtle (25)]
   636 | D        | Slain by a snapping turtle

Table legend:
 A = Turns spent in this place as a percentage of turns spent in the entire game.
 B = Non-inter-level travel turns spent in this place as a percentage of non-inter-level travel turns spent in the entire game.
 C = Inter-level travel turns spent in this place as a percentage of turns spent in this place.
 D = Turns resting spent in this place as a percentage of non-inter-level travel turns spent in this place.
 E = Turns spent auto-exploring this place as a percentage of non-inter-level travel turns spent in this place.
 F = Non-inter-level travel turns spent in this place divided by the number of levels of this place that you've seen.
                   A       B       C       D       E      F
               +-------+-------+-------+-------+-------+----------------------
         Total | 100.0 | 100.0 |   0.0 |   4.8 |   0.0 | 331.0
       Dungeon | 100.0 | 100.0 |   0.0 |   4.8 |   0.0 | 331.0
               +-------+-------+-------+-------+-------+----------------------

Table legend:
 A = Kills in this place as a percentage of kills in entire the game.
 B = Kills by you in this place as a percentage of kills by you in the entire game.
 C = Kills by friends in this place as a percentage of kills by friends in the entire game.
 D = Other kills in this place as a percentage of other kills in the entire game.
 E = Experience gained in this place as a percentage of experience gained in the entire game.
 F = Experience gained in this place divided by the number of levels of this place that you have seen.
                   A       B       C       D       E      F
               +-------+-------+-------+-------+-------+----------------------
         Total | 100.0 | 100.0 | 100.0 |  -nan | 100.0 | 596.0
       Dungeon | 100.0 | 100.0 | 100.0 |  -nan | 100.0 | 596.0
               +-------+-------+-------+-------+-------+----------------------

Vanquished Creatures
  Prince Ribbit (D)
  A necrophage (D)
  A hound (D)
  2 giant eyeballs (D)
  An ufetubus (D)
  An adder skeleton (D)
  2 giant cockroaches (D)
  A bat (D)
  A giant gecko (D)
  A giant gecko zombie (D)
  2 goblins (D)
14 creatures vanquished.

Vanquished Creatures (collateral kills)
  A water moccasin (D)
  A ball python (D)
2 creatures vanquished.

Grand Total: 16 creatures vanquished
